 Dungeon Crawl Stone Soup version 0.30-a0-743-gbfdf073431 (webtiles) character file.

Game seed: 10277151009285412905

191 McKennaii the Conjurer (level 5, -2/44 HPs)
             Began as a Demigod Reaver on Feb 5, 2023.
             Constricted to death by Ijyb (5 damage)
             ... on level 4 of the Dungeon.
             The game lasted 00:05:06 (2989 turns).

McKennaii the Conjurer (Demigod Reaver)             Turns: 2989, Time: 00:05:07

Health: -2/44      AC:  7    Str: 15 (16) XL:     5   Next: 18%
Magic:  11/11      EV:  9    Int: 16 (17) God:
Gold:   184        SH:  0    Dex: 15      Spells: 8/9 levels left

rFire   . . .      SeeInvis .    a - +0 spear
rCold   . . .      Faith    .    (no shield)
rNeg    . . .      Spirit   .    b - +0 leather armour
rPois   .          Reflect  .    (helmet restricted)
rElec   .          Harm     .    u - +1 cloak
rCorr   .          Rampage  .    q - +0 pair of gloves
Will    .....                    h - +0 pair of boots
Stlth   +                        (no amulet)
HPRegen 0.27/turn                (no ring)
MPRegen 0.12/turn                (no ring)

@: grasped by roots, constricted
A: high MP 1, forlorn, divine attributes, horns 1, agile 1, strong 1, wild magic
1
a: no special abilities


You were on level 4 of the Dungeon.
You visited 1 branch of the dungeon, and saw 4 of its levels.

You collected 184 gold pieces.

Inventory:

Hand Weapons
 a - a +0 spear (weapon)
Armour
 b - a +0 leather armour (worn)
 h - a +0 pair of boots (worn)
 q - a +0 pair of gloves (worn)
 u - a +1 cloak (worn)
Magical Staves
 d - a staff of poison
Jewellery
 s - a +5 ring of evasion
Scrolls
 c - a scroll of amnesia
 f - a scroll of noise
 k - a scroll of brand weapon {unknown}
 l - a scroll of vulnerability {unknown}
 o - a scroll of enchant weapon {unknown}
 p - a scroll of summoning {unknown}
 r - a scroll of identify {unknown}
Potions
 g - a potion of flight {unknown}
 m - 2 potions of heal wounds {unknown}
 t - a potion of lignification {unknown}


   Skills:
 + Level 2.8 Fighting
 + Level 3.4 Polearms
 + Level 2.8 Dodging
 + Level 2.5 Spellcasting
 + Level 3.4 Conjurations


You had 8 spell levels left.
You knew the following spells:

 Your Spells              Type           Power      Damage    Failure   Level
a - Kiss of Death         Conj/Necr      36%        2d8       17%         1

Your spell library contained the following spells:

 Spells                   Type           Power      Damage    Failure   Level
 Momentum Strike          Conj/Tloc      18%        3d8       26%         2
 Hailstorm                Conj/Ice       9%         3d4       43%         3


Dungeon Overview and Level Annotations

Branches:
Dungeon (4/15)
 Temple: D:4-7

Annotations:
D:2 1 runed translucent door, Crazy Yiuf
D:3 Grinder
D:4 Ijyb


Innate Abilities, Weirdness & Mutations

You have an increased reservoir of magic. (+10% MP)
You shall have no god before yourself.
Your divine heritage dramatically boosts your attributes as you level up.
You have a pair of small horns on your head.
You are agile. (Dex +4, Str/Int -1)
Your muscles are strong. (Str +4, Int/Dex -1)
Your spells are a little harder to cast, but a little more powerful.


Message History

You are too injured to fight recklessly!
You are too injured to fight recklessly!
You are too injured to fight recklessly!
You are too injured to fight recklessly!
You are too injured to fight recklessly!
Unknown command.
You are too injured to fight recklessly!
You are too injured to fight recklessly!
You are too injured to fight recklessly!
You are too injured to fight recklessly!
You hit Ijyb but do no damage.
Ijyb is severely wounded.
Ijyb hits you with a +3 club. The grasping roots constrict you.
You hit Ijyb but do no damage.
Ijyb is severely wounded.
Ijyb barely misses you. The grasping roots constrict you.
* * * LOW HITPOINT WARNING * * *
You closely miss Ijyb. You headbutt Ijyb, but do no damage.
Ijyb is severely wounded.
The grasping roots release their grip on you.
You barely miss Ijyb.
Ijyb is severely wounded.
Ijyb zaps a wand.
The roots erupt in riotous growth!
The grasping roots grab you!
Ijyb is unaffected.
The grasping roots constrict you.
* * * LOW HITPOINT WARNING * * *
You closely miss Ijyb.
Ijyb is severely wounded.
Ijyb barely misses you. The grasping roots constrict you.
* * * LOW HITPOINT WARNING * * *
Unknown command.
Unknown command.
You completely miss Ijyb.
Ijyb is severely wounded.
Ijyb hits you but does no damage. The grasping roots constrict you.
* * * LOW HITPOINT WARNING * * *
You barely miss Ijyb. Your headbutt misses Ijyb.
Ijyb is severely wounded.
Ijyb completely misses you. The grasping roots constrict you.
You die...

# ..# ..#
###### #..#
......####...#
.............#
............#
......g@....#
...!........##
.........<...#
............$#
#........###..#
#.......## ..#
##!.....# ..#
.......# ..
)...... .


You could see Ijyb.

Vanquished Creatures
  3 iron imps (D:3)
  An orc wizard (D:3)
  An adder (D:2)
  3 worms
  2 dart slugs
  5 orcs
  6 endoplasms
  A giant cockroach (D:1)
  11 hobgoblins
  A quokka (D:2)
  A ball python (D:1)
  7 bats
  2 frilled lizards (D:1)
  8 goblins
  3 kobolds
  2 rats (D:3)
57 creatures vanquished.

Notes
Turn   | Place    | Note
-------+----------+-------------------------------------------
     0 | D:1      | McKennaii the Demigod Reaver began the quest for the Orb.
     0 | D:1      | Reached XP level 1. HP: 17/17 MP: 5/5
   180 | D:1      | Reached XP level 2. HP: 20/24 MP: 7/7
   384 | D:1      | You fall into a shaft and drop 1 floor!
   697 | D:2      | Reached XP level 3. HP: 29/29 MP: 8/8
  1148 | D:2      | Found a runed translucent door.
  1149 | D:2      | Noticed Crazy Yiuf
  1902 | D:3      | Gained mutation: Your muscles are strong. (Str +4, Int/Dex
                  | -1) [potion of mutation]
  1902 | D:3      | Gained mutation: Your spells are a little harder to cast,
                  | but a little more powerful. [potion of mutation]
  1902 | D:3      | Gained mutation: You are agile. (Dex +4, Str/Int -1)
                  | [potion of mutation]
  1902 | D:3      | Gained mutation: You have a pair of small horns on your
                  | head. [potion of mutation]
  1906 | D:3      | Reached XP level 4. HP: 12/37 MP: 8/10
  2130 | D:3      | Noticed Grinder
  2539 | D:3      | Reached XP level 5. HP: 34/42 MP: 11/11
  2967 | D:4      | Noticed Ijyb
  2989 | D:4      | Constricted to death by Ijyb

Illustrated notes

Levels and vault maps discovered:
D:1:      eino_arrival_cavern_b, layout_rooms, moated_statue,
          minmay_pentomino_s4
D:2:      layout_basic, nicolae_wormholes, uniq_crazy_yiuf_cottage
D:3:      layout_basic, demons_altar, lemuel_round_altar, lemuel_crystal_altar,
          shapermc_ecumenical_altar_notcrosses, minmay_vboxes, uniq_grinder
D:4:      layout_layer_cave, trog_wizard, enter_ossuary_3, uniq_ijyb

Skill      XL: |  1  2 |
---------------+-------+-----
Fighting       | 2 |  2.8
Dodging        | 2 |  2.8
Spellcasting   | 2 |  2.5
Conjurations   | 3 |  3.4
Polearms       | 3 |  3.4

Action                     |  1- 3 |  4- 6 || total
---------------------------+-------+-------++-------
  Melee: Spear             |   220 |   116 ||   336
         Punch             |     1 |     1 ||     2
         Headbutt          |     1 |    21 ||    22
    Use: Potion            |     3 |       ||     3
         Scroll            |       |     5 ||     5
   Stab: Sleeping          |       |     1 ||     1
 Armour: Leather armour    |    41 |    23 ||    64
  Dodge: Dodged            |    76 |    35 ||   111

Table legend: (Time is in decaauts)
 A = Elapsed time spent in this place.
 B = Non-inter-level travel time spent in this place.
 C = Inter-level travel time spent in this place.
 D = Time resting spent in this place.
 E = Time spent auto-exploring this place.
 F = Levels seen in this place.
 G = Mean time per level.
                   A        B        C        D        E       F      G
               +--------+--------+--------+--------+--------+-----+--------+
         Total |   2981 |   2808 |    173 |    214 |   1805 |   4 |  745.2 |
       Dungeon |   2981 |   2808 |    173 |    214 |   1805 |   4 |  745.2 |
               +--------+--------+--------+--------+--------+-----+--------+

Top non-repeatable levels by time:
     D:2: 1307 daAuts
     D:3: 1139 daAuts
     D:1: 513 daAuts
     D:4: 20 daAuts
